ESL (28 & UNDER)
KINGSTON IGUANAS @ SPRINGFIELD SIMPSONS
05/23/2026
 
TOP OF THE 1ST
Kingston Iguanas batting - Pitching for Springfield Simpsons : RHP Alberto Parra
Pitching: RHP Alberto Parra
Batting: RHB Tim Davis 0-0: Called Strike
0-1: SINGLE (Groundball, 6MD) (infield hit)
Batting: RHB Mike Johnson 0-0: Swinging Strike
0-1: Ball
1-1: Ball
2-1: Ball
Error on foul ball, E5
3-2: Strikes out swinging
Batting: LHB Mike Godfrey 0-0: Called Strike
0-1: Called Strike
0-2: Ball
1-2: Ball
2-2: Foul Ball, location: 2F
2-2: Strikes out swinging
Batting: RHB Luis Aguilar 0-0: Swinging Strike
0-1: Ball
1-1: Called Strike
1-2: Strikes out swinging
Top of the 1st over - 0 run(s), 1 hit(s), 1 error(s), 1 left on base; Kingston 0 - Springfield 0
BOTTOM OF THE 1ST
Springfield Simpsons batting - Pitching for Kingston Iguanas : RHP Fernando Castillo
Pitching: RHP Fernando Castillo
Batting: RHB Nick Harris 0-0: Foul Ball, location: 2F
0-1: Swinging Strike
0-2: Foul Ball, location: 2F
0-2: Ball
1-2: Fly out, F8 (Flyball, 8RM)
Batting: RHB Esteban Salas 0-0: Ball
1-0: Foul Ball, location: 2F
1-1: Ball
2-1: SINGLE (Groundball, 56D)
Batting: LHB Tony O'Bryan 0-0: Ball
1-0: Swinging Strike
1-1: Fly out, F4 (Popup, 4D)
Batting: RHB Manny Ramírez 0-0: SINGLE (Groundball, 5L)
Esteban Salas to second
Batting: RHB Gavin Downey 0-0: Foul Ball, location: 2F
0-1: Foul Ball, location: 2F
0-2: Foul Ball, location: 2F
0-2: Fly out, F3 (Popup, 3SF)
Bottom of the 1st over - 0 run(s), 2 hit(s), 0 error(s), 2 left on base; Kingston 0 - Springfield 0
TOP OF THE 2ND
Kingston Iguanas batting - Pitching for Springfield Simpsons : RHP Alberto Parra
Batting: RHB Diego Francisco 0-0: Ball
1-0: Ball
2-0: Foul Ball, location: 2F
2-1: Ball
3-1: Foul Ball, location: 2F
3-2: Strikes out swinging
Batting: LHB Poto Vasilini 0-0: Called Strike
0-1: Ball
1-1: Called Strike
1-2: Strikes out swinging
Batting: RHB Bill Crawley 0-0: Ball
1-0: Foul Ball, location: 2F
1-1: Swinging Strike
1-2: Ball
2-2: Strikes out swinging
Top of the 2nd over - 0 run(s), 0 hit(s), 0 error(s), 0 left on base; Kingston 0 - Springfield 0
BOTTOM OF THE 2ND
Springfield Simpsons batting - Pitching for Kingston Iguanas : RHP Fernando Castillo
Batting: LHB Pedro Cerda 0-0: Called Strike
0-1: Ground out 4-3 (Groundball, 4)
Batting: SHB Jorge García 0-0: Ground out 2-3 (Groundball, 2R)
Batting: SHB José Cruz 0-0: Foul Ball, location: 2F
0-1: Ground out 3-1 (Groundball, 3)
Bottom of the 2nd over - 0 run(s), 0 hit(s), 0 error(s), 0 left on base; Kingston 0 - Springfield 0
TOP OF THE 3RD
Kingston Iguanas batting - Pitching for Springfield Simpsons : RHP Alberto Parra
Batting: RHB Ken MacDonald 0-0: Called Strike
0-1: Foul Ball, location: 2F
0-2: Ball
1-2: Strikes out swinging
Batting: RHB Salvador Vega 0-0: Foul Ball, location: 2F
0-1: Foul Ball, location: 2F
0-2: Strikes out swinging
Batting: RHB Tim Davis 0-0: Ball
1-0: Ball
2-0: Swinging Strike
2-1: Foul Ball, location: 2F
2-2: Ground out 6-3 (Groundball, 6)
Top of the 3rd over - 0 run(s), 0 hit(s), 0 error(s), 0 left on base; Kingston 0 - Springfield 0
BOTTOM OF THE 3RD
Springfield Simpsons batting - Pitching for Kingston Iguanas : RHP Fernando Castillo
Batting: RHB Kawanari Hara 0-0: SOLO HOME RUN (Flyball, 7D), Distance : 350 ft
Batting: RHB Nick Harris 0-0: Foul Ball, location: 2F
0-1: Foul Ball, location: 2F
0-2: Fly out, F3 (Popup, 13S)
Batting: RHB Esteban Salas 0-0: Swinging Strike
0-1: Ball
1-1: Called Strike
1-2: Ball
2-2: Ground out 6-3 (Groundball, 6M)
Batting: LHB Tony O'Bryan 0-0: Ball
1-0: Ball
2-0: Called Strike
2-1: Fly out, F8 (Flyball, 8LXD)
Bottom of the 3rd over - 1 run(s), 1 hit(s), 0 error(s), 0 left on base; Kingston 0 - Springfield 1
TOP OF THE 4TH
Kingston Iguanas batting - Pitching for Springfield Simpsons : RHP Alberto Parra
Batting: RHB Mike Johnson 0-0: Foul Ball, location: 2F
0-1: Ball
1-1: SINGLE (Line Drive, 89S)
Batting: LHB Mike Godfrey 0-0: Called Strike
0-1: Swinging Strike
0-2: Strikes out swinging
Batting: RHB Luis Aguilar 0-0: Ball
1-0: Called Strike
1-1: Swinging Strike
1-2: SINGLE (Line Drive, 8LS)
Mike Johnson to second
Batting: RHB Diego Francisco 0-0: Ball
1-0: Ball
2-0: Ball
3-0: Base on Balls
Mike Johnson to third
Luis Aguilar to second
Batting: LHB Poto Vasilini 0-0: Ball
1-0: Ball
2-0: Ball
3-0: Base on Balls
Mike Johnson scores
Luis Aguilar to third
Diego Francisco to second
Batting: RHB Bill Crawley 0-0: Foul Ball, location: 2F
0-1: Ball
1-1: Reached on error, E5 (Groundball, 56)
Luis Aguilar scores
Diego Francisco to third
Poto Vasilini to second
Batting: RHB Ken MacDonald 0-0: Ball
1-0: Called Strike
1-1: Swinging Strike
1-2: Foul Ball, location: 2F
1-2: Ball
2-2: Fielders Choice at 2nd, 6-4 (Groundball, 6M)
Diego Francisco scores
Poto Vasilini to third
Batting: RHB Salvador Vega 0-0: Foul Ball, location: 2F
0-1: Fly out, F8 (Flyball, 8RM)
Top of the 4th over - 3 run(s), 2 hit(s), 1 error(s), 2 left on base; Kingston 3 - Springfield 1
BOTTOM OF THE 4TH
Springfield Simpsons batting - Pitching for Kingston Iguanas : RHP Fernando Castillo
Batting: RHB Manny Ramírez 0-0: Ball
1-0: Ball
2-0: Ball
3-0: Ground out 2-3 (Groundball, 23)
Batting: RHB Gavin Downey 0-0: Ball
1-0: Called Strike
1-1: Ground out 1-3 (Groundball, 13)
Batting: LHB Pedro Cerda 0-0: Foul Ball, location: 2F
0-1: Fly out, F8 (Flyball, 8LD)
Bottom of the 4th over - 0 run(s), 0 hit(s), 0 error(s), 0 left on base; Kingston 3 - Springfield 1
TOP OF THE 5TH
Kingston Iguanas batting - Pitching for Springfield Simpsons : RHP Alberto Parra
Batting: RHB Tim Davis 0-0: Ball
1-0: Swinging Strike
1-1: Ball
2-1: Ground out 5-3 (Groundball, 6)
Batting: RHB Mike Johnson 0-0: Ground out 4-3 (Groundball, 4M)
Batting: LHB Mike Godfrey 0-0: Ground out 1-3 (Groundball, 15)
Top of the 5th over - 0 run(s), 0 hit(s), 0 error(s), 0 left on base; Kingston 3 - Springfield 1
BOTTOM OF THE 5TH
Springfield Simpsons batting - Pitching for Kingston Iguanas : RHP Fernando Castillo
Batting: SHB Jorge García 0-0: Called Strike
0-1: Swinging Strike
0-2: Ball
1-2: Ball
2-2: Ball
3-2: Foul Ball, location: 2F
3-2: Strikes out swinging
Batting: SHB José Cruz 0-0: Ball
1-0: Ground out 6-3 (Groundball, 6M)
Batting: RHB Kawanari Hara 0-0: Called Strike
0-1: Called Strike
0-2: Ball
1-2: Strikes out looking
Bottom of the 5th over - 0 run(s), 0 hit(s), 0 error(s), 0 left on base; Kingston 3 - Springfield 1
TOP OF THE 6TH
Kingston Iguanas batting - Pitching for Springfield Simpsons : RHP Alberto Parra
Batting: RHB Luis Aguilar 0-0: Foul Ball, location: 2F
0-1: Ball
1-1: Swinging Strike
1-2: Ball
2-2: Strikes out looking
Batting: RHB Diego Francisco 0-0: Ball
1-0: Ball
2-0: Called Strike
2-1: Fly out, F9 (Flyball, 9LM)
Batting: LHB Poto Vasilini 0-0: Ball
1-0: Called Strike
1-1: DOUBLE (Line Drive, 78M)
Pitching: LHP Rubén Rico
Batting: RHB Bill Crawley 0-0: Swinging Strike
0-1: Ground out 5-3 (Groundball, 56)
Top of the 6th over - 0 run(s), 1 hit(s), 0 error(s), 1 left on base; Kingston 3 - Springfield 1
BOTTOM OF THE 6TH
Springfield Simpsons batting - Pitching for Kingston Iguanas : RHP Fernando Castillo
Batting: RHB Nick Harris 0-0: Ball
1-0: Ball
2-0: SINGLE (Groundball, 4D)
Batting: RHB Esteban Salas 0-0: Called Strike
Nick Harris is caught stealing 2nd base
0-1: Ball
1-1: Called Strike
1-2: Ground out 6-3 (Groundball, 6)
Batting: LHB Tony O'Bryan 0-0: Ball
1-0: Foul Ball, location: 2F
1-1: Ground out 4-3 (Groundball, 4)
Bottom of the 6th over - 0 run(s), 1 hit(s), 0 error(s), 0 left on base; Kingston 3 - Springfield 1
TOP OF THE 7TH
Kingston Iguanas batting - Pitching for Springfield Simpsons : LHP Rubén Rico
Batting: RHB Ken MacDonald 0-0: Called Strike
0-1: Ground out 6-3 (Groundball, 6M)
Batting: RHB Salvador Vega 0-0: Foul Ball, location: 2F
0-1: Hit by Pitch
Batting: RHB Tim Davis 0-0: Called Strike
0-1: Fielders Choice at 2nd, 5-4 (Groundball, 56)
Batting: RHB Mike Johnson 0-0: Ball
1-0: Called Strike
1-1: Ball
2-1: Foul Ball, location: 2F
2-2: Foul Ball, location: 2F
2-2: Foul Ball, location: 2F
2-2: Foul Ball, location: 2F
2-2: Ball
3-2: SINGLE (Line Drive, 9S)
Tim Davis to second
Tim Davis to third
Batting: LHB Mike Godfrey 0-0: Ball
1-0: Called Strike
1-1: Swinging Strike
1-2: Strikes out swinging
Top of the 7th over - 0 run(s), 1 hit(s), 0 error(s), 2 left on base; Kingston 3 - Springfield 1
BOTTOM OF THE 7TH
Springfield Simpsons batting - Pitching for Kingston Iguanas : RHP Fernando Castillo
Batting: RHB Manny Ramírez 0-0: SINGLE (Line Drive, 8RS)
Batting: RHB Gavin Downey 0-0: Foul Ball, location: 2F
0-1: Ball
1-1: Ball
2-1: Ball
3-1: Foul Ball, location: 2F
3-2: Foul Ball, location: 2F
3-2: Fly out, F6 (Line Drive, 6)
Batting: LHB Pedro Cerda 0-0: Ball
Manny Ramírez steals 2nd base
1-0: Foul Ball, location: 2F
1-1: Ball
2-1: Called Strike
2-2: Ground out U3 (Groundball, 3S)
Manny Ramírez to third
Batting: SHB Jorge García 0-0: DOUBLE (Groundball, 3L)
Manny Ramírez scores
Batting: SHB José Cruz 0-0: SINGLE (Flyball, 7S)
Jorge García to third
Runner from 3rd tries for Home, throw and OUT!
Bottom of the 7th over - 1 run(s), 3 hit(s), 0 error(s), 1 left on base; Kingston 3 - Springfield 2
TOP OF THE 8TH
Kingston Iguanas batting - Pitching for Springfield Simpsons : LHP Rubén Rico
Batting: RHB Luis Aguilar 0-0: Foul Ball, location: 2F
0-1: Called Strike
0-2: Ball
1-2: Reached on error, E5 (Groundball, 5L)
Batting: RHB Diego Francisco 0-0: Called Strike
0-1: Ball
1-1: Foul Ball, location: 2F
1-2: Ball
2-2: Strikes out swinging
Pinch Hitting: RHB Soshu Nakamura 0-0: Intentional Walk
Pinch Hitting: LHB Bob Greene 0-0: Called Strike
0-1: Ball
1-1: Ball
Luis Aguilar steals 3rd base
Soshu Nakamura to second
2-1: Intentional Walk
Pitching: RHP Ryan Klein
Pinch Hitting: LHB Dave Gordon 0-0: Ball
1-0: Ball
2-0: Ball
Passed Ball!
Luis Aguilar scores
Soshu Nakamura to third
Bob Greene to second
3-0: Intentional Walk
Pinch Hitting: LHB Billy Anderson 0-0: Ball
1-0: Foul Ball, location: 2F
1-1: Foul Ball, location: 2F
1-2: Fly out, F8 (Flyball, 8RXD)
Runner from 3rd tags up, SCORES, no throw
Batting: RHB Tim Davis 0-0: Foul Ball, location: 2F
0-1: Swinging Strike
0-2: Ball
1-2: Ball
2-2: TRIPLE (Flyball, 89M)
Bob Greene scores
Dave Gordon scores
Batting: RHB Mike Johnson 0-0: Ball
1-0: Ball
2-0: Ball
3-0: Base on Balls
Batting: LHB Mike Godfrey 0-0: Foul Ball, location: 2F
0-1: Ball
1-1: Foul Ball, location: 2F
1-2: Fly out, F8 (Line Drive, 8RS)
Top of the 8th over - 4 run(s), 1 hit(s), 1 error(s), 2 left on base; Kingston 7 - Springfield 2
BOTTOM OF THE 8TH
Springfield Simpsons batting - Pitching for Kingston Iguanas : RHP Fernando Castillo
Now at 2B: Soshu Nakamura
Now at 3B: Bobby Armstrong
Now at SS: Juan Romero
Now in RF: Steve Davis
Batting: RHB Kawanari Hara 0-0: Ball
1-0: Called Strike
1-1: Swinging Strike
1-2: Ground out 6-3 (Groundball, 6M)
Batting: RHB Nick Harris 0-0: Ball
1-0: Foul Ball, location: 2F
1-1: Ball
2-1: Foul Ball, location: 2F
2-2: Ball
3-2: Fly out, F7 (Flyball, 7D)
Batting: RHB Esteban Salas 0-0: Foul Ball, location: 2F
0-1: Ball
1-1: Called Strike
1-2: Strikes out swinging
Bottom of the 8th over - 0 run(s), 0 hit(s), 0 error(s), 0 left on base; Kingston 7 - Springfield 2
TOP OF THE 9TH
Kingston Iguanas batting - Pitching for Springfield Simpsons : RHP Ryan Klein
Batting: RHB Luis Aguilar 0-0: Called Strike
0-1: Swinging Strike
0-2: Strikes out looking
Batting: RHB Diego Francisco 0-0: Foul Ball, location: 2F
0-1: Called Strike
0-2: Ball
1-2: Strikes out looking
Batting: RHB Soshu Nakamura 0-0: Foul Ball, location: 2F
0-1: Swinging Strike
0-2: Ball
1-2: Strikes out swinging
Top of the 9th over - 0 run(s), 0 hit(s), 0 error(s), 0 left on base; Kingston 7 - Springfield 2
BOTTOM OF THE 9TH
Springfield Simpsons batting - Pitching for Kingston Iguanas : RHP Fernando Castillo
Pitching: RHP Jesús Gonzáles
Batting: LHB Tony O'Bryan 0-0: Called Strike
0-1: Called Strike
0-2: Ball
1-2: Fly out, F8 (Flyball, 8RM)
Batting: RHB Manny Ramírez 0-0: Ball
1-0: Foul Ball, location: 2F
1-1: DOUBLE (Line Drive, 8LM)
Batting: RHB Gavin Downey 0-0: Ball
1-0: Fly out, F8 (Flyball, 8LXD)
Runner from 2nd tags up, SAFE at 3rd, no throw
Batting: LHB Pedro Cerda 0-0: Ground out 4-3 (Groundball, 4)
Bottom of the 9th over - 0 run(s), 1 hit(s), 0 error(s), 1 left on base; Kingston 7 - Springfield 2
Monday, December 5th, 2016 - OOTP Baseball 17.12 Build 75